cohdb
Replays
Latest Replays
All Replays
Popular Replays
Top Player Replays
Match Explorer
How It Works
Community
CoH3 Stats
Reddit
Sign in to upload your games and track your stats! →
Sign in with Steam
Match 46786980
Unlisted
Match 46786980
Overview
Messages
Build Orders
End
Royal Engineer Section
Selects Air and Sea Battlegroup
Construct Section Command Post
Dingo Light Scout Car
Vickers Machine Gun Team
Infantry Section
Construct Platoon Command Post
Selects Commando Section Paradrop
Selects M1 Pack Howitzer Paradrop
Commando Section Paradrop
M1 Pack Howitzer Paradrop
Construct Company Command Post
Selects Supply Surplus
Selects UNKNOWN (223837)
Centaur IV Medium Tank
Centaur IV Medium Tank
Construct Resource Cache
Unlock M3 Grant Medium Tanks
M3 Grant Medium Tank
Construct Field Infirmary
Armored Vehicle Training
LITTLE TRICKSTER
GAF_Thom_Yorke
Da Cracka Whacka
Mr. Refreshing
Henderson
Boywonderbates
giants041
Dundie
0
0
Comments
sign in to comment!
No comments posted yet!